 Dungeon Crawl Stone Soup version 0.26-a0-784-g51bffae0b1 (webtiles) character file.

Game seed: 3491559327108228347

79 Kinoniko the Slasher (level 4, -6/38 HPs)
             Began as a Draconian Fighter on Nov 10, 2020.
             Killed by divine providence
             ... invoked by an orc priest
              (9 damage)
             ... on level 3 of the Dungeon.
             The game lasted 00:01:27 (2549 turns).

Kinoniko the Slasher (Draconian Fighter)            Turns: 2549, Time: 00:01:28

Health: -6/38      AC:  5    Str: 18    XL:     4   Next: 17%
Magic:  4/4        EV: 10    Int:  8    God:
Gold:   12         SH:  9    Dex: 12    Spells: 3/3 levels left

rFire    . . .     SeeInvis .   a - +0 long sword
rCold    . . .     Faith    .   b - +0 kite shield
rNeg     . . .     Spirit   .   (armour unavailable)
rPois    .         Reflect  .   (helmet restricted)
rElec    .         Harm     .   (no cloak)
rCorr    .         Rampage  .   (no gloves)
MR       .....                  (no boots)
Stlth    +.........             (no amulet)
HPRegen  0.12/turn              (no ring)
MPRegen  0.09/turn              (no ring)

@: mighty
A: unfitting armour, cold-blooded, AC +5
a: no special abilities


You were on level 3 of the Dungeon.
You visited 1 branch of the dungeon, and saw 3 of its levels.

You collected 12 gold pieces.

Inventory:

Hand Weapons
 a - a +0 long sword (weapon)
Armour
 b - a +0 kite shield (worn)
Jewellery
 f - an uncursed amulet of guardian spirit {unknown}
Scrolls
 e - a scroll of identify {unknown}
 i - a scroll of magic mapping {unknown}
Potions
 d - 4 potions of curing {unknown}
 g - a potion of heal wounds {unknown}
 h - 2 potions of cancellation {unknown}


   Skills:
 - Level 3.2 Fighting
 * Level 3.8 Long Blades
 - Level 2.6 Dodging
 + Level 3.7 Shields


You had 3 spell levels left.
You didn't know any spells.
Your spell library was empty.

Dungeon Overview and Level Annotations

Branches:
Dungeon (3/15)

Altars:

Annotations:
D:3 Robin, Terence


Innate Abilities, Weirdness & Mutations

Your plain brown scales are hard. (AC +5)
You cannot fit into any form of body armour.
You are cold-blooded and may be slowed by cold attacks.


Message History

You kill the goblin!
You block the goblin's attack.
The orc hits you with a cursed -1 short sword.
Robin roars a battlecry!
The goblin goes into a battle-frenzy!
The hobgoblin no longer looks unusually strong.
The goblin closely misses you.
You riposte.
You barely miss the goblin. You tail-slap the goblin.
You kill the goblin!
Items here: )) ††.
Unknown command.
The orc priest mumbles some strange prayers to Beogh against you.
Beogh smites you!
* * * LOW HITPOINT WARNING * * *
You slash the orc!
You kill the orc!
The hobgoblin no longer looks unusually strong.
The orc priest invokes the aid of Beogh against you.
Beogh smites you!
You die...

... gg og #g
. #o ###.
#)## ....##
#).#
#.....#####g#
#..........@#
#..........!#
............#
#......<..†#
######.###†#
#.# #.# #.#
#.# #.# #.#
#.# #$#


You could see Robin, an orc priest, an orc and 4 hobgoblins.

Vanquished Creatures
  An adder (D:2)
  2 worms
  A dart slug (D:1)
  2 leopard geckos
  3 orcs (D:3)
  10 goblins
  A hobgoblin (D:1)
  15 jackals
  A ball python (D:1)
  4 bats
  4 frilled lizards
  5 kobolds
  4 rats
53 creatures vanquished.

Notes
Turn   | Place    | Note
-------+----------+-------------------------------------------
     0 | D:1      | Kinoniko the Draconian Fighter began the quest for the Orb.
     0 | D:1      | Reached XP level 1. HP: 19/19 MP: 1/1
   563 | D:1      | Reached XP level 2. HP: 26/26 MP: 2/2
  1362 | D:2      | Reached XP level 3. HP: 31/31 MP: 3/3
  2529 | D:3      | Noticed Robin
  2533 | D:3      | Reached XP level 4. HP: 28/38 MP: 4/4
  2538 | D:3      | Noticed Terence
  2549 | D:3      | Killed from afar by an orc priest

Illustrated notes

Levels and vault maps discovered:
D:1:      minmay_arrival_stone_box, layout_basic
D:2:      layout_loops_corners, dk_vineyard_3, item_on_display_a
D:3:      layout_rooms, bloody_trog, uniq_robin, uniq_terence

Skill      XL: |  1  2 |
---------------+-------+-----
Long Blades    | 3 |  3.8
Fighting       | |  3.2
Dodging        | |  2.6
Shields        | |  3.7

Action                   |  1- 3 |  4- 6 || total
-------------------------+-------+-------++-------
Melee: Long sword        |   125 |    14 ||   139
       Tailslap          |    10 |     1 ||    11
  Use: Potion            |     1 |       ||     1
 Stab: Sleeping          |     1 |       ||     1
Armor: Skin              |    49 |     7 ||    56
Dodge: Dodged            |    70 |    11 ||    81
Block: Kite shield       |    55 |    14 ||    69
       Rpst.: Long sword |    18 |     2 ||    20

Table legend: (Time is in decaauts)
 A = Elapsed time spent in this place.
 B = Non-inter-level travel time spent in this place.
 C = Inter-level travel time spent in this place.
 D = Time resting spent in this place.
 E = Time spent auto-exploring this place.
 F = Levels seen in this place.
 G = Mean time per level.
                   A        B        C        D        E       F      G
               +--------+--------+--------+--------+--------+-----+--------+
         Total |   2593 |   2565 |     28 |    664 |   1610 |   3 |  864.3 |
       Dungeon |   2593 |   2565 |     28 |    664 |   1610 |   3 |  864.3 |
               +--------+--------+--------+--------+--------+-----+--------+

Top non-repeatable levels by time:
     D:2: 1345 daAuts
     D:1: 842 daAuts
     D:3: 405 daAuts
